 Dungeon Crawl Stone Soup version 0.23.1-37-gaa34b87b72 (webtiles) character file.

Game seed: 16802377165774861627

6167 KarvaRausku the Cleaver (level 10, 0/100 HPs)
             Began as a Minotaur Gladiator on Mar 19, 2019.
             Was a Priest of Okawaru.
             Slain by a two-headed ogre
             ... wielding a +0 giant club
              (15 damage)
             ... on level 10 of the Dungeon on Mar 20, 2019.
             The game lasted 00:23:55 (10510 turns).

KarvaRausku the Cleaver (Minotaur Gladiator)       Turns: 10510, Time: 00:23:56

Health: 0/100      AC:  7    Str: 20    XL:     10   Next: 60%
Magic:  18/18      EV: 29    Int:  5    God:    Okawaru [***...]
Gold:   421        SH:  0    Dex: 14    Spells: 9/9 levels left

rFire    . . .     SeeInvis +   a - +1 war axe
rCold    . . .     Gourm    .   (no shield)
rNeg     . . .     Faith    .   I - +0 ring mail {MR+}
rPois    .         Spirit   .   c - +0 hat
rElec    .         Reflect  .   (no cloak)
rCorr    .         Harm     .   l - +0 pair of gloves
MR       +....                  (no boots)
Stlth    +.........             j - amulet of the acrobat
HPRegen  0.26/turn              i - ring of magical power
MPRegen  0.16/turn              B - ring of see invisible

@: acrobat
A: retaliatory headbutt, horns 2
a: Heroism, Renounce Religion


You were on level 10 of the Dungeon.
You worshipped Okawaru.
Okawaru was most pleased with you.
You were not hungry.

You visited 2 branches of the dungeon, and saw 11 of its levels.

You collected 421 gold pieces.

Inventory:

Hand Weapons
 a - a +1 war axe (weapon)
 h - a +0 hand axe
 A - a +0 quarterstaff of pain
 G - a +4 hand axe
 H - a +2 hand axe of chopping
Missiles
 d - 4 throwing nets (quivered)
Armour
 b - a +0 leather armour
 c - a +0 hat (worn)
 l - a +0 pair of gloves (worn)
 n - a +0 hat
 p - a +0 ring mail
 q - a +0 scale mail
 u - a +0 helmet
 I - a +0 ring mail of magic resistance (worn)
 L - the +2 plate armour of the Iron City of Dis {+Inv +Fly rF+ Int-5}
   (You found it on level 9 of the Dungeon)

   It affects your intelligence (-5).
   It protects you from fire.
   It lets you turn invisible.
   It lets you fly.
 P - +0 steam dragon scales
Jewellery
 i - a ring of magical power (left hand)
 j - an amulet of the acrobat (around neck)
 B - a ring of see invisible (right hand)
Wands
 m - a wand of paralysis (15)
 s - a wand of iceblast (3)
 x - a wand of random effects (21)
 J - a wand of disintegration (15)
 N - a wand of polymorph (8)
Scrolls
 e - 2 scrolls of fog {unknown}
 k - 4 scrolls of identify
 o - a scroll of enchant weapon
 r - 3 scrolls of immolation {unknown}
 w - 3 scrolls of teleportation
 y - a scroll of enchant armour {unknown}
 C - 2 scrolls of remove curse
 E - a scroll of summoning {unknown}
 F - a scroll of blinking {unknown}
Potions
 g - 2 potions of curing
 t - a potion of resistance
 v - a potion of cancellation {unknown}
 z - a potion of lignification
 D - 2 potions of flight
 K - a potion of agility {unknown}
 M - a potion of brilliance {unknown}
 O - a potion of berserk rage {unknown}
Comestibles
 f - 16 rations
 Q - 3 chunks of flesh


   Skills:
 + Level 12.7 Fighting
 + Level 12.9 Axes
 - Level 2.0 Throwing
 + Level 4.1 Armour
 + Level 5.2 Dodging


You had 9 spell levels left.
You didn't know any spells.
Your spell library was empty.

Dungeon Overview and Level Annotations

Branches:
Dungeon (10/15)            Temple (1/1) D:6            Lair (0/6) D:9
    Orc (0/2) D:9

Altars:
Ashenzari
Cheibriados
Dithmenos
Elyvilon
Fedhas
Gozag
Hepliaklqana
Kikubaaqudgha
Makhleb
Nemelex Xobeh
Okawaru
Qazlal
Ru
Sif Muna
Trog
Uskayaw
Vehumet
Wu Jian
Xom
Yredelemnul
Zin
The Shining One


Innate Abilities, Weirdness & Mutations

You reflexively headbutt those who attack you in melee.
You have a pair of horns on your head.


Message History

The two-headed ogre hits you with a +0 giant spiked club!
You barely miss the two-headed ogre.
The two-headed ogre is moderately wounded.
You slash the two-headed ogre!
Your headbutt misses the two-headed ogre.
The two-headed ogre is heavily wounded.
The two-headed ogre hits you with a +0 giant club!
The two-headed ogre closely misses you.
You slash the two-headed ogre!
The two-headed ogre is severely wounded.
The two-headed ogre hits you with a +0 giant club!
* * * LOW HITPOINT WARNING * * *
The two-headed ogre hits you with a +0 giant spiked club!
* * * LOW HITPOINT WARNING * * *
You hit the two-headed ogre.
You headbutt the two-headed ogre, but do no damage.
The two-headed ogre is severely wounded.
There is a stone staircase leading down here.
The two-headed ogre hits you with a +0 giant club!
You die...

#######################
......................
......................
.####..####........# .#
#..# #........#
.####..####........#
...................#
..>............O@..#
#################..########
#.......... #..........
#################..########
...........<..†....#
...................#
........#########..#
....... #..#


You could see a two-headed ogre.

Vanquished Creatures
  A two-headed ogre (D:9)
  Maurice (D:8)
  Joseph (D:8)
  Grinder (D:5)
  A troll (D:9)
  2 hippogriffs
  Sigmund (D:6)
  A steam dragon (D:9)
  Menkaure (D:4)
  An acid dragon (D:9)
  A water moccasin (D:5)
  2 sky beasts
  An eye of draining (D:9)
  A phantom (D:8)
  A black bear (D:7)
  2 ice beasts
  2 necrophages
  2 wolves
  2 centaurs
  An ogre (D:9)
  2 bullfrogs
  A water moccasin zombie (D:8)
  4 scorpions
  A wyvern skeleton (D:10)
  A howler monkey (D:6)
  2 electric eels (D:9)
  6 crimson imps
  A centaur zombie (D:4)
  2 quasits (D:6)
  6 orc priests
  6 orc wizards
  3 jellies (D:9)
  2 centaur skeletons
  5 hounds
  3 iguanas (D:7)
  Natasha (thrice) (D:4)
  11 worker ants
  A hound zombie (D:9)
  2 hound skeletons
  A howler monkey zombie (D:5)
  Robin (D:4)
  A worker ant zombie (D:7)
  8 adders
  9 gnolls
  6 oozes
  An adder skeleton (D:4)
  8 worms
  3 dart slugs
  3 leopard geckos
  26 orcs
  3 ball pythons
  11 giant cockroaches
  18 goblins
  7 hobgoblins
  17 jackals
  5 quokkas
  7 bats
  7 frilled lizards
  A jackal skeleton (D:6)
  7 kobolds
  A leopard gecko zombie (D:6)
  6 rats
245 creatures vanquished.

Vanquished Creatures (others)
  A plant (D:10)
1 creature vanquished.

Grand Total: 246 creatures vanquished

Notes
Turn   | Place    | Note
-------+----------+-------------------------------------------
     0 | D:1      | KarvaRausku the Minotaur Gladiator began the quest for the
                  | Orb.
     0 | D:1      | Reached XP level 1. HP: 18/18 MP: 0/0
   220 | D:1      | Reached XP level 2. HP: 25/25 MP: 1/1
   705 | D:2      | Reached XP level 3. HP: 31/31 MP: 2/2
  1386 | D:3      | Reached skill level 5 in Axes
  1386 | D:3      | Reached XP level 4. HP: 27/40 MP: 3/3
  1632 | D:3      | Found a blossoming altar of Fedhas.
  1776 | D:3      | Reached XP level 5. HP: 29/47 MP: 4/4
  1835 | D:3      | Reached skill level 5 in Fighting
  2253 | D:3      | Found a snail-covered altar of Cheibriados.
  2384 | D:4      | Reached XP level 6. HP: 56/56 MP: 5/5
  2469 | D:4      | Noticed Menkaure
  2482 | D:4      | Killed Menkaure
  2873 | D:4      | Reached XP level 7. HP: 64/64 MP: 6/6
  2923 | D:4      | Identified the cursed +0 helmet of Fuqewuge {rElec rPois
                  | rF+++ MR-}
  2923 | D:4      | Noticed Robin
  2949 | D:4      | Killed Robin
  3805 | D:4      | Noticed Natasha
  3808 | D:4      | Killed Natasha
  4196 | D:4      | Noticed Natasha
  4203 | D:4      | Killed Natasha
  4389 | D:4      | Noticed Natasha
  4398 | D:4      | Killed Natasha
  4446 | D:5      | Entered Level 5 of the Dungeon
  4634 | D:5      | Reached XP level 8. HP: 75/75 MP: 7/7
  4720 | D:5      | Noticed Grinder
  5096 | D:5      | Killed Grinder
  5303 | D:6      | Noticed Sigmund
  5314 | D:6      | Reached skill level 10 in Axes
  5333 | D:6      | Killed Sigmund
  5333 | D:6      | Reached skill level 10 in Fighting
  5434 | D:6      | Reached XP level 9. HP: 72/85 MP: 8/8
  5455 | D:6      | Found a staircase to the Ecumenical Temple.
  5856 | Temple   | Entered the Ecumenical Temple
  6018 | Temple   | Became a worshipper of Warmaster Okawaru
  6396 | D:7      | Noticed a moth of wrath
  6399 | D:7      | Found a bloodstained altar of Trog.
  6794 | D:7      | Reached * piety under Okawaru
  7041 | D:8      | Noticed Joseph
  7061 | D:8      | HP: 2/89 [Joseph/+0 quarterstaff (10)]
  7426 | D:8      | Killed Joseph
  7570 | D:8      | Noticed Maurice
  7591 | D:8      | Killed Maurice
  7591 | D:8      | Reached ** piety under Okawaru
  8061 | D:8      | Reached XP level 10. HP: 92/97 MP: 9/9
  8180 | D:9      | Reached skill level 1 in Armour
  8195 | D:9      | Got a warped plate armour
  8206 | D:9      | Identified the +2 plate armour of the Iron City of Dis
                  | {+Inv +Fly rF+ Int-5} (You found it on level 9 of the
                  | Dungeon)
  8206 | D:9      | Lost intelligence.
  8262 | D:9      | HP: 1/97 [wolf (7)]
  8302 | D:8      | Lost intelligence.
  8656 | D:9      | Found a staircase to the Lair.
  9264 | D:9      | Noticed a two-headed ogre
  9297 | D:9      | Killed a two-headed ogre
  9297 | D:9      | Reached *** piety under Okawaru
 10073 | D:9      | Reached skill level 5 in Dodging
 10277 | D:9      | Found a staircase to the Orcish Mines.
 10307 | D:9      | Found an ornate altar of the Wu Jian Council.
 10308 | D:9      | Found an opulent altar of Gozag.
 10408 | D:10     | Entered Level 10 of the Dungeon
 10468 | D:10     | Noticed a two-headed ogre
 10510 | D:10     | Slain by a two-headed ogre

Skill      XL: |  1  2  3  4  5  6  7  8  9 10 |
---------------+-------------------------------+-----
Axes           | 4 5 6 7 8 10 12 | 12.9
Fighting       | 3 4 5 6 8 10 12 | 12.7
Armour         | 4 |  4.1
Dodging        | 5 |  5.2
Throwing       | |  2.0

Action                   |  1- 3 |  4- 6 |  7- 9 | 10-12 || total
-------------------------+-------+-------+-------+-------++-------
Melee: War axe           |    11 |       |   251 |   112 ||   374
       Hand axe          |    98 |    91 |   154 |       ||   343
       Headbutt          |    20 |    21 |    68 |    31 ||   140
Evoke: Wand              |       |     1 |     1 |    11 ||    13
  Use: Potion            |       |     2 |     2 |     3 ||     7
       Scroll            |       |       |     9 |       ||     9
  Eat: Chunk             |     1 |     5 |     6 |     3 ||    15
       Ration            |       |       |     3 |     2 ||     5
Armor: Leather armour    |    22 |       |       |       ||    22
       Scale mail        |     9 |    25 |    99 |       ||   133
       Ring mail         |     1 |       |     7 |    19 ||    27
       Plate armour      |       |       |       |    23 ||    23
       Skin              |       |       |       |     6 ||     6
Dodge: Dodged            |    79 |    57 |   229 |   125 ||   490
